AoeStats
← fatcat15513

Arena

508881758Analyzed
4v4 RM · 6d ago on Sep 24, 2026· 36m 7s· 8 players
Game mode
Random Map
Map size
Large (8 player)
Population
200
Speed
Normal
Resources
Standard
Victory
Conquest
Starting age
Dark Age
Ending age
Imperial Age
RankedLock teamsTeams togetherTeam positionsShared explorationLock speedFull tech treeHidden civsTurbo modeCheats
Victory
Defeat
🇹🇼 Berbers · Taiwan
1291
+14
🇨🇳 Mongols · China
1237
+16
🇧🇷 Huns · Brazil
1228
+16
🇹🇼 Danes · Taiwan
1201
+17
🇨🇳 Goths · China
1275
-17
🇳🇱 Varangians · Netherlands
1267
-17
🇨🇳 Teutons · China
1225
-15
🇭🇰 Britons · Hong Kong SAR China
1179
-14
LSHX
9:46 Feudal Age
15:04 Castle Age
13:47 Double-Bit Axe
16:23 Bow Saw
19:57 Horse Collar
23:32 Gold Mining
23:46 Heavy Plow
27:46 Imperial Age
26:01 Masonry
27:01 Fortified Wall
26:56 Padded Archer Armor
26:47 Fletching
26:20 Elite Skirmisher
28:35 Bodkin Arrow
28:56 Leather Archer Armor
30:00 Wheelbarrow
29:11 Loom
29:56 Town Watch
31:04 Bracer
34:24 Ballistics
35:05 Chemistry
34:27 Hand Cart
34:48 Conscription
34:57 Thumb Ring
36:35 Siege Engineers
fatcat15513
2:32 Loom
10:56 Feudal Age
12:23 Double-Bit Axe
14:55 Castle Age
13:37 Horse Collar
15:53 Bow Saw
16:32 Loom
16:44 Arson
19:31 Scale Mail Armor
20:51 Forging
21:25 Squires
24:39 Chain Mail Armor
25:37 Wheelbarrow
27:07 Iron Casting
32:57 Imperial Age
30:58 Town Watch
31:50 Gold Mining
32:12 Man-at-Arms
32:37 Gambesons
32:57 Long Swordsman
34:16 Plate Mail Armor
34:46 Blast Furnace
33:45 Two-Handed Swordsman
LocalMomsHelper
8:28 Loom
10:14 Feudal Age
17:09 Castle Age
18:32 Town Watch
24:05 Fletching
24:30 Double-Bit Axe
27:01 Wheelbarrow
26:38 Bow Saw
30:31 Hand Cart
36:10 Imperial Age
33:48 Padded Archer Armor
33:57 Treadmill Crane
35:02 Bodkin Arrow
kiss
9:51 Feudal Age
13:47 Castle Age
12:04 Double-Bit Axe
12:35 Horse Collar
15:07 Bow Saw
20:27 Wheelbarrow
20:58 Heavy Plow
22:34 Hand Cart
23:53 Gold Mining
25:21 Loom
28:45 Imperial Age
26:45 Scale Barding Armor
26:51 Forging
27:43 Gold Shaft Mining
27:35 Husbandry
27:46 Bloodlines
28:51 Chain Barding Armor
29:07 Iron Casting
28:49 Elite Tarkan
29:50 Conscription
29:45 Marauders
29:07 Elite Tarkan
30:09 Conscription
30:34 Plate Barding Armor
31:58 Blast Furnace
32:20 Two-Man Saw
RM123
10:38 Feudal Age
15:09 Castle Age
14:01 Double-Bit Axe
16:20 Horse Collar
20:33 Bow Saw
23:19 Wheelbarrow
22:46 Heavy Plow
23:40 Loom
23:48 Gold Mining
25:16 Hand Cart
25:05 Stone Mining
29:01 Imperial Age
26:45 Scale Barding Armor
26:51 Forging
27:06 Bloodlines
26:57 Husbandry
30:36 Iron Casting
30:22 Chain Barding Armor
30:53 Coinage
31:00 Conscription
30:21 Cavalier
32:29 Banking
33:22 Chemistry
32:43 Ballistics
32:34 Fortified Wall
32:36 Masonry
32:32 Siege Engineers
32:58 Elite Jarl
34:35 Plate Barding Armor
35:04 Fletching
会做梦的懒猪
9:56 Feudal Age
14:26 Castle Age
12:48 Double-Bit Axe
13:21 Horse Collar
15:41 Bow Saw
20:05 Wheelbarrow
22:29 Heavy Plow
22:32 Gold Mining
22:33 Stone Mining
23:29 Hand Cart
23:04 Loom
27:53 Man-at-Arms
28:33 Long Swordsman
29:37 Forging
29:28 Scale Mail Armor
34:14 Imperial Age
33:10 Stone Shaft Mining
33:00 Anarchy
35:33 Iron Casting
35:14 Chain Mail Armor
35:51 Conscription
35:18 Two-Handed Swordsman
37:16 Blast Furnace
A先生
4:57 Loom
8:34 Feudal Age
10:51 Fletching
24:23 Castle Age
22:20 Horse Collar
22:27 Double-Bit Axe
23:09 Stone Mining
31:16 Wheelbarrow
31:48 Bow Saw
32:16 Gold Mining
慌狂的鼹鼠
10:17 Feudal Age
14:52 Castle Age
14:04 Double-Bit Axe
14:00 Horse Collar
17:18 Bow Saw
17:09 Heavy Plow
24:32 Imperial Age
22:54 Padded Archer Armor
22:48 Gold Mining
23:17 Loom
24:04 Fletching
24:33 Leather Archer Armor
27:02 Wheelbarrow
28:14 Bodkin Arrow
28:50 Ring Archer Armor
29:09 Conscription
29:36 Man-at-Arms
30:01 Gambesons
30:17 Squires
30:20 Scale Mail Armor
31:11 Elite Skirmisher
32:15 Ballistics
33:19 Hand Cart
32:50 Town Watch
33:52 Bracer
33:52 Pikeman
34:17 Halberdier
35:47 Chain Mail Armor
36:22 Forging
Connection lost

Rejoining the realm…

Still unreachable

The connection could not be restored.

Session expired

The server has moved on; the page needs a fresh start.